 Dungeon Crawl Stone Soup version 0.30-a0-840-ga523dec638 (webtiles) character file.

Game seed: 14639000649399835651

225 cforsyth the Sneak (level 6, 0/38 HPs)
             Began as a Kobold Brigand on Mar 2, 2023.
             Slain by a gnoll bouda
             ... wielding a +0 club
              (7 damage)
             ... on level 4 of the Dungeon.
             The game lasted 00:04:56 (4391 turns).

cforsyth the Sneak (Kobold Brigand)                 Turns: 4391, Time: 00:04:57

Health: 0/38       AC:  3    Str:  5 (8)  XL:     6   Next: 21%
Magic:  6/6        EV: 15    Int: 12 (13) God:
Gold:   367        SH:  0    Dex: 15 (18) Spells: 5/5 levels left

rFire   + . .      SeeInvis .    a - +2 dagger
rCold   . . .      Faith    .    (no shield)
rNeg    + . .      Spirit   .    b - +0 robe
rPois   .          Reflect  .    (no helmet)
rElec   .          Harm     .    c - +0 cloak
rCorr   .          Rampage  .    (no gloves)
Will    .....                    (no boots)
Stlth   ++++                     (no amulet)
HPRegen 0.26/turn                q - ring of positive energy
MPRegen 0.10/turn                s - ring of protection from fire

@: weakened, attractive
A: small, no large weapons, nightstalker 3
a: no special abilities


You were on level 4 of the Dungeon.
You visited 1 branch of the dungeon, and saw 4 of its levels.
You also visited: Ossuary.

You collected 367 gold pieces.

Inventory:

Hand Weapons
 a - a +2 dagger (weapon)
Missiles
 d - 18 poisoned darts (quivered)
 e - 3 curare-tipped darts
Armour
 b - a +0 robe (worn)
 c - a +0 cloak (worn)
Jewellery
 q - a ring of positive energy (left hand)
 s - a ring of protection from fire (right hand)
 t - a ring of protection from fire
Scrolls
 f - a scroll of vulnerability {unknown}
 g - 2 scrolls of enchant armour {unknown}
 i - 2 scrolls of enchant weapon {unknown}
 j - 4 scrolls of identify {unknown}
 k - 2 scrolls of amnesia {unknown}
 m - 2 scrolls of butterflies {unknown}
 o - a scroll of teleportation
 p - 3 scrolls of fog {unknown}
 u - 2 scrolls of poison {unknown}
 v - a scroll of blinking {unknown}
Potions
 h - a potion of attraction
 l - a potion of invisibility {unknown}
 r - a potion of curing


   Skills:
 + Level 3.8 Fighting
 + Level 4.5 Short Blades
 - Level 2.1 Throwing
 + Level 3.4 Dodging
 + Level 6.6 Stealth


You had 5 spell levels left.
You didn't know any spells.
Your spell library contained the following spells:

 Spells                   Type           Power      Damage    Failure   Level
 Ignite Poison            Fire/Tmut/Pois 0%         N/A       69%         3
 Kindle Blastsparks       Fire/Tloc/Air  0%         2d10      69%         3
 Freezing Cloud           Conj/Ice/Air   0%         6-21      100%        5


Dungeon Overview and Level Annotations

Branches:
Dungeon (4/15)            Ossuary (visited)
 Temple: D:4-7

Altars:

Shops:
D:4 *


Innate Abilities, Weirdness & Mutations

You are small and have problems with some larger weapons.
You are completely attuned to the shadows.


Message History

You are too injured to fight recklessly!
You closely miss the gnoll bouda.
The gnoll bouda is moderately wounded.
You hit the gnoll bouda but do no damage.
The gnoll bouda is moderately wounded.
The gnoll bouda closely misses you.
You hit the gnoll bouda but do no damage.
The gnoll bouda is moderately wounded.
The gnoll bouda misses you.
You hit the gnoll bouda.
The gnoll bouda is heavily wounded.
The gnoll bouda misses you.
You hit the gnoll bouda.
The gnoll bouda is heavily wounded.
The gnoll bouda closely misses you.
You barely miss the gnoll bouda.
The gnoll bouda is heavily wounded.
You closely miss the gnoll bouda.
The gnoll bouda is heavily wounded.
The gnoll bouda hits you with a +0 club!
You closely miss the gnoll bouda.
The gnoll bouda is heavily wounded.
The gnoll bouda gazes fiercely through you!
You feel as though you will be weak longer.
The gnoll bouda barely misses you.
You hit the gnoll bouda but do no damage.
The gnoll bouda is heavily wounded.
The gnoll bouda hits you with a +0 club.
* * * LOW HITPOINT WARNING * * *
You hit the gnoll bouda.
The gnoll bouda is severely wounded.
The gnoll bouda misses you.
It was a potion of degeneration.
There was something very wrong with that liquid.
You feel weakened.
You feel dopey.
You feel clumsy. The gnoll bouda closely misses you.
It was a potion of attraction.
You feel attractive to monsters.
The gnoll bouda hits you with a +0 club!
You die...

...#...........#
#..........#.##
#..##'##..##.#
#..#...#..##.#
#..#...#..##.#
#..#...#.....#
#..#####.#####
#............
#.#@.....##.#
###.#g#.#...#.#
....).#.#...#.#
..#.........#.#
............#.#
......#.#.....#
....#.#..[..).#
.... .###.###.#
... #.#


You could see a gnoll bouda.

Vanquished Creatures
  7 mummies (Ossuary)
  3 gnolls (D:3)
  2 adders (D:2)
  2 worms (D:2)
  A dart slug (D:1)
  2 orcs (D:3)
  8 bats
  5 endoplasms
  4 giant cockroaches
  8 goblins
  8 hobgoblins
  2 quokkas (D:1)
  8 ball pythons
  2 frilled lizards (D:1)
  4 hobgoblin zombies (Ossuary)
  7 kobolds
  2 kobold zombies (Ossuary)
  2 orc zombies (Ossuary)
  7 rats (D:1)
84 creatures vanquished.

Notes
Turn   | Place    | Note
-------+----------+-------------------------------------------
     0 | D:1      | cforsyth the Kobold Brigand began the quest for the Orb.
     0 | D:1      | Reached XP level 1. HP: 12/12 MP: 1/1
   167 | D:1      | Reached XP level 2. HP: 18/18 MP: 2/2
   440 | D:1      | Found a faded altar of an unknown god.
   647 | D:1      | Reached XP level 3. HP: 22/22 MP: 3/3
  1054 | D:2      | Reached XP level 4. HP: 28/28 MP: 4/4
  1255 | D:2      | Reached skill level 6 in Stealth
  2028 | D:3      | Identified the +6 hand axe of Acva Cem {heavy, Int+2}
  2698 | D:4      | Found a sand-covered staircase.
  2706 | Ossuary  | Entered an ossuary
  2763 | Ossuary  | Reached XP level 5. HP: 8/32 MP: 5/5
  3272 | Ossuary  | Reached XP level 6. HP: 4/38 MP: 6/6
  3708 | D:4      | Found Xack's Neck Hole.
  4391 | D:4      | Slain by a gnoll bouda

Illustrated notes

Levels and vault maps discovered:
D:1:      dpeg_arrival_ratfight, layout_basic,
          hellmonk_ecumenical_altar_inner_sanctum
D:2:      layout_basic
D:3:      layout_basic
D:4:      layout_basic, enter_ossuary_2, nicolae_shop_sticking_my_neck_out

Skill      XL: |  1  2  3  4  5 |
---------------+----------------+-----
Short Blades   | 3 4 |  4.5
Dodging        | 2 3 |  3.4
Fighting       | 3 |  3.8
Stealth        | 6 |  6.6
Throwing       | |  2.1

Action                     |  1- 3 |  4- 6 || total
---------------------------+-------+-------++-------
  Melee: Dagger            |    73 |   232 ||   305
         Punch             |       |     3 ||     3
    Use: Potion            |       |     8 ||     8
         Scroll            |       |     1 ||     1
   Stab: Sleeping          |    19 |    20 ||    39
 Armour: Robe              |    15 |    21 ||    36
  Dodge: Dodged            |    30 |   134 ||   164

Table legend: (Time is in decaauts)
 A = Elapsed time spent in this place.
 B = Non-inter-level travel time spent in this place.
 C = Inter-level travel time spent in this place.
 D = Time resting spent in this place.
 E = Time spent auto-exploring this place.
 F = Levels seen in this place.
 G = Mean time per level.
                   A        B        C        D        E       F      G
               +--------+--------+--------+--------+--------+-----+--------+
         Total |   4334 |   4278 |     56 |   1198 |   2334 |   5 |  866.8 |
       Dungeon |   3397 |   3341 |     56 |    496 |   2327 |   4 |  849.2 |
       Ossuary |    936 |    936 |      0 |    702 |      7 |   1 |  936.0 |
               +--------+--------+--------+--------+--------+-----+--------+

Top non-repeatable levels by time:
     D:3: 1433 daAuts
 Ossuary: 936 daAuts
     D:2: 927 daAuts
     D:1: 832 daAuts
     D:4: 204 daAuts
